[Event "*** SCC Grand Prix: Titled Tuesday Blitz"]
[Site "Chess.com"]
[Date "2020.08.25"]
[Round "1"]
[White "ZarinaShafigullina"]
[Black "Azatic"]
[Result "1-0"]
[WhiteElo "2287"]
[BlackElo "2586"]
[TimeControl "180+1"]
[EndTime "10:04:50 PDT"]
[Termination "ZarinaShafigullina won by resignation"]

1. d4 Nf6 2. Nf3 g6 3. g3 Bg7 4. Bg2 O-O 5. O-O d6 6. c4 Nc6 7. Nc3 a6 8. e4 Bg4 9. Be3 Nd7 10. h3 Bxf3 11. Bxf3 e5 12. d5 Nd4 13. Bg2 c5 14. dxc6 bxc6 15. b4 Rb8 16. a3 h5 17. Rb1 h4 18. g4 a5 19. f4 axb4 20. axb4 Nb6 21. Qd3 Ra8 22. f5 Ra3 23. Kh1 Na4 24. Rfc1 c5 25.
b5 Bf6 26. Qd2 Nxc3 27. Rxc3 Rxc3 28. Qxc3 Bg5 29. Qd2 Bxe3 30. Qxe3 Qa5 31. Qh6 Qa2 32. Rf1 Qxc4 33. fxg6 Qxf1+ 34. Bxf1 fxg6 35. Bc4+ 1-0

[Event "*** SCC Grand Prix: Titled Tuesday Blitz"]
[Site "Chess.com"]
[Date "2020.08.25"]
[Round "1"]
[White "KaterinaMiroshnik"]
[Black "Msb2"]
[Result "0-1"]
[WhiteElo "2414"]
[BlackElo "2828"]
[TimeControl "180+1"]
[EndTime "10:04:54 PDT"]
[Termination "Msb2 won by checkmate"]

1. d3 d5 2. Nd2 Nf6 3. Ngf3 Bg4 4. e4 e6 5. Be2 Be7 6. O-O O-O 7. e5 Nfd7 8. d4 c5 9. c3 Nc6 10. h3 Bh5 11. a3 a5 12. Re1 cxd4 13. cxd4 Qb6 14. g4 Bg6 15. Nb1 f6 16. exf6 Nxf6 17. Nc3 Ne4 18.
Be3 Bd6 19. Nb5 Bb8 20. Ne5 Be8 21. Bd3 Nxf2 22. Bxf2 Nxe5 23. dxe5 Qxf2+ 24. Kh1 Rf3 25. Bf1 Bxb5 26. Bg2 Rg3 27. Rc1 Qxg2# 0-1

[Event "*** SCC Grand Prix: Titled Tuesday Blitz"]
[Site "Chess.com"]
[Date "2020.08.25"]
[Round "1"]
[White "CarrotsandPizza"]
[Black "Gahan-MG"]
[Result "1-0"]
[WhiteElo "2398"]
[BlackElo "2661"]
[TimeControl "180+1"]
[EndTime "10:04:58 PDT"]
[Termination "CarrotsandPizza won by resignation"]

1. e4 c5 2. d4 cxd4 3. Nf3 e5 4. Bc4 Qc7 5. Bb3 h6 6. c3 dxc3 7. Nxc3 Nf6 8. O-O Be7 9. Nd5 Nxd5 10. Qxd5 O-O 11.
Nxe5 Qc5 12. Be3 Qxd5 13. Bxd5 d6 14. Nc4 Nc6 15. Rfd1 Rd8 16. Rac1 Be6 17. a3 Rac8 18. h3 b5 19. Nd2 Bxd5 20. exd5 Ne5 21. Bxa7 Nd3 22.
Rb1 Rc3 23. bxc3 1-0

[Event "*** SCC Grand Prix: Titled Tuesday Blitz"]
[Site "Chess.com"]
[Date "2020.08.25"]
[Round "1"]
[White "dforcen"]
[Black "KatarinaOstojic"]
[Result "1-0"]
[WhiteElo "2624"]
[BlackElo "2291"]
[TimeControl "180+1"]
[EndTime "10:04:59 PDT"]
[Termination "dforcen won by resignation"]

1. c4 c5 2. Nc3 Nc6 3. g3 g6 4.
Bg2 Bg7 5. a3 e6 6. Rb1 a5 7. d3 Nge7 8. h4 h6 9. e4 O-O 10. Nge2 Rb8 11. f4 Nd4 12. h5 d5 13.
hxg6 fxg6 14. e5 dxc4 15. dxc4 Nec6 16. Be3 b6 17. Bxd4 Nxd4 18. Nxd4 cxd4 19. Nb5 Bb7 20.
Bxb7 Rxb7 21. Qxd4 Rd7 22. Qe4 g5 23. Nd6 gxf4 24.
gxf4 Rxd6 25. exd6 Qxd6 26. Rd1 Qc5 27. Qxe6+ Kh7 28.
Rd7 h5 29. Rd5 1-0

[Event "*** SCC Grand Prix: Titled Tuesday Blitz"]
[Site "Chess.com"]
[Date "2020.08.25"]
[Round "1"]
[White "Annawel"]
[Black "1f3_2g41-0"]
[Result "1-0"]
[WhiteElo "2931"]
[BlackElo "2444"]
[TimeControl "180+1"]
[EndTime "10:05:01 PDT"]
[Termination "Annawel won by resignation"]

1. e4 c5 2. Nf3 d6 3. d4 cxd4 4. Nxd4 Nf6 5. Nc3 a6 6. Nb3 e5 7. Bg5 Be7 8. a4 O-O 9. Bxf6 Bxf6 10. Nd5 Be6 11. Bc4 Nc6 12. a5 Rc8 13. Qe2 Bxd5 14. Bxd5 Nb4 15. c4 Nxd5 16. cxd5 Bg5 17. O-O Qc7 18. Qg4 Bh6 19. Ra4 Qc2 20. Rb4 Qxb2 21.
Rb6 Rfd8 22. Nc5 Qc3 23. Nxb7 Rf8 24. Nxd6 Qxa5 25. Nxc8 f5 26. Ne7+ Kh8 27. Qxf5 g6 28. Qxe5+ Bg7 29. Qe6 Qc5 30. Rc6 1-0

[Event "*** SCC Grand Prix: Titled Tuesday Blitz"]
[Site "Chess.com"]
[Date "2020.08.25"]
[Round "1"]
[White "Infernal_XaM"]
[Black "JozefKneht"]
[Result "1-0"]
[WhiteElo "2910"]
[BlackElo "2440"]
[TimeControl "180+1"]
[EndTime "10:05:01 PDT"]
[Termination "Infernal_XaM won by resignation"]

1. d4 d5 2. Nf3 Nf6 3. c4 e6 4. Nc3 Be7 5. g3 O-O 6. Bg2 dxc4 7. Ne5 Nc6 8. Bxc6 bxc6 9. Nxc6 Qe8 10. Nxe7+ Qxe7 11. Qa4 c5 12. dxc5 Qxc5 13. Be3 Qc7 14.
O-O-O Ng4 15. Rd2 Nxe3 16. fxe3 Rb8 17. Rhd1 h6 18. Rd4 Qb7 19. Qa3 e5 20. Rd8 Rxd8 21.
Rxd8+ Kh7 22. e4 Be6 23. Rxb8 Qxb8 24. Qc5 f6 25. Kc2 Kg6 26. Nd5 Bxd5 27. exd5 Kf5 28. Qxc4 e4 29. Qc6 Ke5 30. Qe6+ Kd4 31. d6 Qb6 32. b3 Ke3 33. Qd5 Qa6 34. Qc5+ Kxe2 35. Qc4+ Qxc4+ 36. bxc4 e3 37. d7 Kf2 38. d8=Q e2 39.
Qd4+ 1-0

[Event "*** SCC Grand Prix: Titled Tuesday Blitz"]
[Site "Chess.com"]
[Date "2020.08.25"]
[Round "1"]
[White "PlotnikovPavel"]
[Black "Sn00pPawn"]
[Result "1-0"]
[WhiteElo "2473"]
[BlackElo "2008"]
[TimeControl "180+1"]
[EndTime "10:05:01 PDT"]
[Termination "PlotnikovPavel won on time"]

1. e4 c5 2. c3 Nf6 3. e5 Nd5 4. d4 cxd4 5. Qxd4 e6 6. Bd3 Nc6 7. Qe4 Qc7 8. Nf3 d6 9. exd6 Bxd6 10. O-O Nf6 11. Qh4 Bd7 12. Bg5 Be7 13. Na3 a6 14.
Nc4 b5 15. Bf4 Qd8 16. Nd6+ Bxd6 17. Bxd6 Nd5 18. Qg3 Qf6 19. Be4 O-O-O 20. a4 Nb6 21. axb5 axb5 22. Ra6 Kb7 23. Rfa1 Ra8 24. Rxa8 Rxa8 25.
Rxa8 Kxa8 26. Ne5 1-0

[Event "*** SCC Grand Prix: Titled Tuesday Blitz"]
[Site "Chess.com"]
[Date "2020.08.25"]
[Round "1"]
[White "Ginger_GM"]
[Black "labdalla"]
[Result "1-0"]
[WhiteElo "2566"]
[BlackElo "2244"]
[TimeControl "180+1"]
[EndTime "10:05:02 PDT"]
[Termination "Ginger_GM won by resignation"]

1. d4 d5 2. c4 c6 3. Nc3 Nf6 4. Nf3 dxc4 5. e4 b5 6. e5 Nd5 7.
a4 Nxc3 8. bxc3 Bb7 9. e6 f6 10. Nh4 g6 11. Qg4 Rg8 12. Be2 a6 13. O-O c5 14.
dxc5 Nc6 15. Rd1 Qc8 16. Bf4 1-0

[Event "*** SCC Grand Prix: Titled Tuesday Blitz"]
[Site "Chess.com"]
[Date "2020.08.25"]
[Round "1"]
[White "Kira170"]
[Black "AJSC02"]
[Result "1-0"]
[WhiteElo "2634"]
[BlackElo "2300"]
[TimeControl "180+1"]
[EndTime "10:05:04 PDT"]
[Termination "Kira170 won by resignation"]

1. d4 Nf6 2. c4 g6 3. Nc3 Bg7 4. e4 d6 5. Nf3 O-O 6. Be2 e5 7. d5 Na6 8. Bg5 h6 9. Bh4 g5 10. Bg3 Nc5 11. Nd2 a5 12. O-O Nfd7 13. a3 f5 14. exf5 Nf6 15. b4 axb4 16. axb4 Rxa1 17. Qxa1 Na6 18. Qa3 Bxf5 19. c5 Qe7 20. c6 bxc6 21.
Qxa6 cxd5 22. Qb7 d4 23. Nd5 Nxd5 24. Qxd5+ Be6 25. Qc6 Rb8 26. b5 Rb6 27. Qa8+ Bf8 28. Rc1 Qf7 29. Qa7 1-0

[Event "*** SCC Grand Prix: Titled Tuesday Blitz"]
[Site "Chess.com"]
[Date "2020.08.25"]
[Round "1"]
[White "memer5334"]
[Black "Noam_Vitenberg"]
[Result "0-1"]
[WhiteElo "2145"]
[BlackElo "2510"]
[TimeControl "180+1"]
[EndTime "10:05:07 PDT"]
[Termination "Noam_Vitenberg won by resignation"]

1. d4 d5 2. c4 e6 3. Nc3 Bb4 4. e3 c5 5. Nf3 Nf6 6. cxd5 exd5 7. Bb5+ Nc6 8. O-O O-O 9. Bxc6 bxc6 10. Ne5 Qc7 11. Ne2 Bf5 12. a3 cxd4 13. exd4 Bd6 14. f4 c5 15. Ng3 Be4 16. Be3 Rab8 17. Rc1 c4 18. Qd2 Rb3 19. Rc3 Rfb8 20. Rxb3 Rxb3 21. Rc1 Qb7 22. Qa5 Bc7 23. Qe1 Rxb2 24. Nxe4 Nxe4 25. f5 Qb3 26. Bf4 Bb6 27. Kh1 Bxd4 28. Ng4 h5 29. Rd1 Qc2 30. Qf1 hxg4 31. Rxd4 Rb1 0-1

[Event "*** SCC Grand Prix: Titled Tuesday Blitz"]
[Site "Chess.com"]
[Date "2020.08.25"]
[Round "1"]
[White "carlsen1001"]
[Black "Salem-AR"]
[Result "0-1"]
[WhiteElo "2441"]
[BlackElo "2911"]
[TimeControl "180+1"]
[EndTime "10:05:10 PDT"]
[Termination "Salem-AR won by resignation"]

1. e4 c5 2. Nf3 d6 3. d4 cxd4 4.
Nxd4 Nf6 5. Nc3 a6 6. Bg5 e6 7.
f4 h6 8. Bh4 Qb6 9. a3 Nbd7 10.
Be2 Be7 11. Bf2 Qc7 12. O-O b5 13. Bf3 Bb7 14. Re1 O-O 15. e5 dxe5 16. fxe5 Nh7 17.
Bxb7 Qxb7 18. Qf3 Qxf3 19. gxf3 Rfc8 20. Rad1 Nhf8 21. f4 Bxa3 22. Ncxb5 Bxb2 23. Nd6 Bxd4 24. Rxd4 Rxc2 25. Ra1 Rb8 26. Ne4 Rc6 27. Rd6 Rc4 28. Re1 Rbb4 29. Ng3 Rxf4 30. Rxa6 Ng6 31. Ra8+ Kh7 0-1

[Event "*** SCC Grand Prix: Titled Tuesday Blitz"]
[Site "Chess.com"]
[Date "2020.08.25"]
[Round "1"]
[White "ErikBlomqvist"]
[Black "secretsuperstar7"]
[Result "1-0"]
[WhiteElo "2513"]
[BlackElo "2161"]
[TimeControl "180+1"]
[EndTime "10:05:11 PDT"]
[Termination "ErikBlomqvist won by resignation"]

1. e4 c5 2. Nf3 d6 3. d4 cxd4 4. Qxd4 Nc6 5. Qe3 Nf6 6. Be2 g6 7. O-O Bg7 8. h3 O-O 9. Rd1 Qc7 10. c4 a6 11. Nc3 e6 12. Bd2 b6 13. Rac1 Bb7 14.
Nd5 exd5 15. cxd5 Qd7 16. dxc6 Bxc6 17. Bc3 Nxe4 18. Bxg7 Kxg7 19. Ne5 Qf5 20. Nxc6 Rfe8 21. Qd4+ Kg8 22. Bd3 d5 23. f3 Qf4 24. fxe4 dxe4 25.
Be2 Qg3 26. Rf1 e3 27. Rf3 Qg5 28. Rcf1 1-0

[Event "*** SCC Grand Prix: Titled Tuesday Blitz"]
[Site "Chess.com"]
[Date "2020.08.25"]
[Round "1"]
[White "abfchess"]
[Black "Steven_Rojas"]
[Result "0-1"]
[WhiteElo "2139"]
[BlackElo "2508"]
[TimeControl "180+1"]
[EndTime "10:05:12 PDT"]
[Termination "Steven_Rojas won by resignation"]

1. d4 d5 2. Nf3 Nf6 3. Bg5 Ne4 4. Bf4 c5 5. c3 Nc6 6. e3 Bg4 7. Be2 e6 8. O-O Bd6 9. Ne5 Bxe2 10. Qxe2 Qc7 11. f3 Nf6 12. Nxc6 bxc6 13. Bxd6 Qxd6 14.
Nd2 O-O 15. Nb3 c4 16. Nc5 Nd7 17. Nxd7 Qxd7 18. e4 Rfb8 19. Rab1 a5 20. f4 Rb5 21.
f5 dxe4 22. f6 Qd5 23. fxg7 f5 24. Qh5 Rb7 25. g4 Rxg7 26. Kh1 e3+ 0-1

[Event "*** SCC Grand Prix: Titled Tuesday Blitz"]
[Site "Chess.com"]
[Date "2020.08.25"]
[Round "1"]
[White "praveenb2002"]
[Black "Justinz"]
[Result "1-0"]
[WhiteElo "2754"]
[BlackElo "2395"]
[TimeControl "180+1"]
[EndTime "10:05:13 PDT"]
[Termination "praveenb2002 won by resignation"]

1. d4 Nf6 2. c4 e6 3. Nc3 Bb4 4.
Qc2 O-O 5. a3 Bxc3+ 6. Qxc3 Qe8 7. f3 d6 8. e4 e5 9. Be3 Nc6 10.
Ne2 a5 11. d5 Nb8 12. h4 Nfd7 13. g4 Nc5 14. h5 c6 15. Bxc5 dxc5 16. Ng3 Qe7 17. O-O-O Rd8 18. Nf5 Bxf5 19. gxf5 Nd7 20. h6 g6 21. fxg6 fxg6 22. Bh3 Nf6 23. Be6+ Kh8 24.
Qxe5 b5 25. d6 Qf8 26. Rh4 g5 27. Rh5 bxc4 28. Rg1 Rxd6 29. Rhxg5 Rxe6 30. Qxe6 Re8 31. Qxc6 Qxh6 32. Kb1 Qf8 33. Rf5 1-0

[Event "*** SCC Grand Prix: Titled Tuesday Blitz"]
[Site "Chess.com"]
[Date "2020.08.25"]
[Round "1"]
[White "Legendinunknown"]
[Black "tteshan"]
[Result "1-0"]
[WhiteElo "2666"]
[BlackElo "2334"]
[TimeControl "180+1"]
[EndTime "10:05:14 PDT"]
[Termination "Legendinunknown won by resignation"]

1. d4 d5 2. c4 dxc4 3. e4 e5 4. Nf3 Bb4+ 5. Bd2 Bxd2+ 6. Nbxd2 exd4 7. Bxc4 Ne7 8. O-O O-O 9. Nb3 Nbc6 10. Nfxd4 Nxd4 11. Nxd4 a6 12. Rc1 b5 13. Bb3 Bb7 14. Re1 Qd6 15. Nf3 Qb6 16. Qd4 Qxd4 17. Nxd4 Rfd8 18. Nf3 Rac8 19. Ne5 Rd2 20. Bxf7+ Kf8 21. Be6 Rcd8 22. Rxc7 Bxe4 23. Nd7+ Ke8 24. h3 Bg6 25. Ne5 Rxb2 26.
Nxg6 Nxg6 27. Bb3+ Kf8 28. Rf7+ Kg8 29. Rd7+ 1-0

[Event "*** SCC Grand Prix: Titled Tuesday Blitz"]
[Site "Chess.com"]
[Date "2020.08.25"]
[Round "1"]
[White "Vesper2018"]
[Black "politeplayer"]
[Result "1-0"]
[WhiteElo "2543"]
[BlackElo "2212"]
[TimeControl "180+1"]
[EndTime "10:05:14 PDT"]
[Termination "Vesper2018 won by resignation"]

1. e4 c5 2. Nc3 e6 3. Nf3 Nc6 4.
d4 cxd4 5. Nxd4 Qc7 6. Be2 a6 7.
Be3 Nf6 8. O-O Be7 9. f4 d6 10. Qe1 Bd7 11. Qg3 O-O-O 12. Nb3 Kb8 13. Qf2 Rde8 14. Bb6 Qc8 15. Rfd1 d5 16. e5 Ne4 17.
Nxe4 dxe4 18. Nc5 Bxc5 19. Qxc5 Ne7 20. Qd6+ Ka8 21. Qxd7 Qxc2 22. Bxa6 Qc6 23. Qxc6 bxc6 24. Rd7 Nd5 25. Bc5 Rb8 26. b3 Rbd8 27. Rxf7 Rhf8 28. Rxf8 1-0

[Event "*** SCC Grand Prix: Titled Tuesday Blitz"]
[Site "Chess.com"]
[Date "2020.08.25"]
[Round "1"]
[White "Izoria123"]
[Black "imrk_64"]
[Result "1-0"]
[WhiteElo "2856"]
[BlackElo "2421"]
[TimeControl "180+1"]
[EndTime "10:05:15 PDT"]
[Termination "Izoria123 won by resignation"]

1. Nf3 d5 2. e3 Nf6 3. c4 c6 4. Nc3 g6 5. d4 Bg7 6. cxd5 cxd5 7. Bb5+ Bd7 8. Qb3 Bxb5 9. Qxb5+ Qd7 10. Ne5 Qxb5 11.
Nxb5 Na6 12. Ke2 Nd7 13. Nd3 O-O-O 14. Nxa7+ Kb8 15. Nb5 e5 16. Rd1 exd4 17. exd4 Rhe8+ 18. Kf1 Nb6 19. Bf4+ Ka8 20. Nc7+ Nxc7 21. Bxc7 Bxd4 22.
Bxd8 Rxd8 23. Rac1 Kb8 24. b3 Bg7 25. Rc2 d4 26.
Re1 Nd5 27. Rce2 Rd7 28. Re8+ Ka7 29. Rc8 Nb6 30. Rg8 f5 31. Nc5 Rf7 32. Ree8 1-0

[Event "*** SCC Grand Prix: Titled Tuesday Blitz"]
[Site "Chess.com"]
[Date "2020.08.25"]
[Round "1"]
[White "semchik73"]
[Black "PavelShkapenko"]
[Result "0-1"]
[WhiteElo "2287"]
[BlackElo "2622"]
[TimeControl "180+1"]
[EndTime "10:05:17 PDT"]
[Termination "PavelShkapenko won by resignation"]

1. Nf3 Nf6 2. c4 e6 3. Nc3 b6 4. g3 Bb7 5. Bg2 Bb4 6. O-O O-O 7.
Qc2 d5 8. cxd5 exd5 9. d4 Re8 10. Bg5 Nbd7 11. a3 Bxc3 12. bxc3 h6 13. Bf4 c5 14.
Ne5 Rc8 15. Qf5 Qe7 16. Bh3 Rcd8 17. Rfe1 Nxe5 18. Bxe5 Ne4 19. Rac1 g6 20. Qf3 Ng5 21. Qg2 Bc8 22. Bxc8 Rxc8 23. h4 Ne4 24. f3 Nf6 25. g4 Nd7 26. Bg3 cxd4 27. cxd4 Rxc1 28. Rxc1 Qe3+ 0-1

[Event "*** SCC Grand Prix: Titled Tuesday Blitz"]
[Site "Chess.com"]
[Date "2020.08.25"]
[Round "1"]
[White "LawrenceTrent"]
[Black "chesslh19"]
[Result "1-0"]
[WhiteElo "2550"]
[BlackElo "2216"]
[TimeControl "180+1"]
[EndTime "10:05:18 PDT"]
[Termination "LawrenceTrent won by resignation"]

1. e4 e5 2. Nf3 Nf6 3. d4 exd4 4. Bc4 Nxe4 5. Qxd4 Nf6 6. Nc3 Nc6 7. Qh4 Be7 8. Bg5 O-O 9. O-O-O h6 10. Rhe1 d5 11.
Rxe7 Nxe7 12. Bxf6 gxf6 13. Nxd5 Nxd5 14. Rxd5 Qe7 15.
Qxh6 Be6 16. Rh5 1-0

[Event "*** SCC Grand Prix: Titled Tuesday Blitz"]
[Site "Chess.com"]
[Date "2020.08.25"]
[Round "1"]
[White "chito89"]
[Black "oganromchess"]
[Result "1-0"]
[WhiteElo "2773"]
[BlackElo "2403"]
[TimeControl "180+1"]
[EndTime "10:05:20 PDT"]
[Termination "chito89 won by resignation"]

1. c4 e6 2. Nf3 f5 3. g3 Nf6 4.
Bg2 Be7 5. O-O O-O 6. d4 Ne4 7. d5 Bf6 8. Nbd2 Nxd2 9. Nxd2 e5 10. e4 f4 11. c5 d6 12. cxd6 cxd6 13. Nc4 Qc7 14.
Qb3 Na6 15. gxf4 Nc5 16. Qa3 exf4 17. Bxf4 Nxe4 18. Rac1 Be7 19. Qe3 Nc5 20. b4 Na6 21.
Nxd6 Bxd6 22. Rxc7 Bxf4 23. Rxg7+ Kxg7 24. Qd4+ Rf6 25. Re1 Bd6 26. Re8 Nc7 27. Rxc8 Rxc8 28. Qg4+ 1-0

[Event "*** SCC Grand Prix: Titled Tuesday Blitz"]
[Site "Chess.com"]
[Date "2020.08.25"]
[Round "1"]
[White "Tooweak2slow03"]
[Black "Xeniya2005"]
[Result "1-0"]
[WhiteElo "2687"]
[BlackElo "2356"]
[TimeControl "180+1"]
[EndTime "10:05:21 PDT"]
[Termination "Tooweak2slow03 won on time"]

1. e4 e6 2. Nf3 d5 3. e5 c5 4. b4 b6 5. bxc5 bxc5 6. c3 Nc6 7. d4 cxd4 8. cxd4 Bd7 9. Bd3 Bb4+ 10. Bd2 Bxd2+ 11. Nbxd2 Nge7 12. O-O h6 13. Nb3 O-O 14. Nc5 Rc8 15. a3 Nxd4 16. Nb7 1-0

[Event "*** SCC Grand Prix: Titled Tuesday Blitz"]
[Site "Chess.com"]
[Date "2020.08.25"]
[Round "1"]
[White "serhanberat_ozdemir"]
[Black "grandcoach"]
[Result "1-0"]
[WhiteElo "2495"]
[BlackElo "2108"]
[TimeControl "180+1"]
[EndTime "10:05:21 PDT"]
[Termination "serhanberat_ozdemir won on time"]

1. e4 c5 2. Nf3 Nc6 3. Bb5 e6 4. O-O Nge7 5. Re1 a6 6. Bf1 d5 7. exd5 Nxd5 8. d4 cxd4 9. Nxd4 Bc5 10. Nxc6 bxc6 11. Qf3 O-O 12. Nd2 Rb8 13. Ne4 Bb4 14. c3 Be7 15. b3 a5 16. c4 Nb4 17. Bb2 f5 18. Qg3 Rf7 19. Qxb8 fxe4 20. Rad1 Nd3 21.
Bxd3 exd3 22. Re3 Bc5 23. Rexd3 Bxf2+ 24. Kh1 1-0

[Event "*** SCC Grand Prix: Titled Tuesday Blitz"]
[Site "Chess.com"]
[Date "2020.08.25"]
[Round "1"]
[White "x-6099009240"]
[Black "GMAkobianSTL"]
[Result "0-1"]
[WhiteElo "2423"]
[BlackElo "2857"]
[TimeControl "180+1"]
[EndTime "10:05:22 PDT"]
[Termination "GMAkobianSTL won by resignation"]

1. e4 d6 2. d4 Nf6 3. Nc3 c6 4. Nf3 Bg4 5. h3 Bh5 6. g4 Bg6 7. Qe2 e6 8. g5 Nfd7 9. h4 Bh5 10. Bg2 Be7 11. d5 O-O 12. Bf4 cxd5 13. exd5 e5 14.
Be3 f5 15. gxf6 Nxf6 16. Bg5 Nbd7 17. O-O-O Rc8 18. Ne4 Nxe4 19. Qxe4 Bg6 20. Qe2 Rxc2+ 21. Qxc2 Bxc2 22. Kxc2 e4 23. Nd2 Rxf2 24. Bxe4 Nc5 25. Rde1 Nxe4 26. Rxe4 Bxg5 27. hxg5 Qxg5 28. Rd4 h5 29. a4 a5 30. b3 h4 31. Kd3 Qxd2+ 0-1

[Event "*** SCC Grand Prix: Titled Tuesday Blitz"]
[Site "Chess.com"]
[Date "2020.08.25"]
[Round "1"]
[White "talman67"]
[Black "DarZay"]
[Result "1-0"]
[WhiteElo "2496"]
[BlackElo "2050"]
[TimeControl "180+1"]
[EndTime "10:05:25 PDT"]
[Termination "talman67 won by resignation"]

1. e4 e5 2. Nf3 Nc6 3. Nc3 Bc5 4.
Nxe5 Bxf2+ 5. Kxf2 Nxe5 6. d4 Ng6 7. Qf3 Nf6 8. e5 Ng8 9. Bd3 d6 10. exd6 Qxd6 11. Nb5 Qb6 12. Qg3 Kd8 13. Be3 Nf6 14. d5 Ng4+ 15. Qxg4 Qxe3+ 16. Kxe3 Bxg4 17. Rhe1 Kd7 18. h3 Rae8+ 19. Kf2 Rxe1 20. Rxe1 a6 21. Nd4 Bh5 22. g4 Nf4 23. Bf5+ Kd6 24. gxh5 Kxd5 25.
c3 g6 26. Be4+ Kd6 27. hxg6 hxg6 28. Rd1 Nxh3+ 29. Kg3 Ke5 30. Bxb7 f5 31. Nf3+ Kf6 32.
Rh1 f4+ 33. Kg2 Rb8 34. Rxh3 Rxb7 35. b3 g5 36. Rh6+ Kf5 37. Rh5 Rb5 38. Rxg5+ Ke4 39. Rxb5 axb5 40. a4 bxa4 41. bxa4 Kd5 42. a5 Kc6 43. c4 Kb7 44. Nd4 Ka6 45. Nb3 c5 46.
Kf3 Kb7 47. Kxf4 Ka6 48. Ke5 Kb7 49. Kd6 1-0

[Event "*** SCC Grand Prix: Titled Tuesday Blitz"]
[Site "Chess.com"]
[Date "2020.08.25"]
[Round "1"]
[White "VishnuPrasanna"]
[Black "alexsergeyev"]
[Result "0-1"]
[WhiteElo "2652"]
[BlackElo "2353"]
[TimeControl "180+1"]
[EndTime "10:05:26 PDT"]
[Termination "alexsergeyev won by resignation"]

1. e4 e5 2. Nf3 Nf6 3. Nxe5 d6 4. Nf3 Nxe4 5. Nc3 Nxc3 6. dxc3 Nd7 7. Be3 Be7 8. Bd3 Nc5 9. Bxc5 dxc5 10. Qe2 O-O 11.
O-O-O Bd6 12. h4 Re8 13. Qd2 Qf6 14. Rhe1 Bf5 15. Kb1 h6 16. a3 a6 17. Bc4 Rad8 18.
Rxe8+ Rxe8 19. Bd5 Bf4 20. Re1 Bxd2 21. Rxe8+ Kh7 22.
Nxd2 Qxh4 23. Bxf7 Qxf2 24. Nf3 Qxc2+ 25. Ka2 Qb1+ 26.
Kb3 Qd1+ 27. Kc4 Qa4+ 28. Kd5 Qb3+ 0-1

[Event "*** SCC Grand Prix: Titled Tuesday Blitz"]
[Site "Chess.com"]
[Date "2020.08.25"]
[Round "1"]
[White "Yana_pro"]
[Black "Bodnar_Mykola"]
[Result "0-1"]
[WhiteElo "2086"]
[BlackElo "2490"]
[TimeControl "180+1"]
[EndTime "10:05:26 PDT"]
[Termination "Bodnar_Mykola won by checkmate"]

1. Nf3 Nf6 2. g3 b6 3. Bg2 Bb7 4.
O-O e6 5. d3 d5 6. Nbd2 Be7 7. Re1 c5 8. e4 Nc6 9. e5 Nd7 10. Nf1 Qc7 11. Bf4 O-O-O 12. Qe2 Rdg8 13. c4 d4 14. a3 g5 15. Bd2 g4 16. Nh4 Ndxe5 17. b4 f6 18. b5 Nd8 19. Bf4 Bxg2 20. Nxg2 Ndf7 21. Nd2 Qb7 22. Ne4 h5 23. a4 f5 24. Nd2 Bf6 25. Reb1 Re8 26. Ne1 Ng6 27. a5 e5 28. axb6 axb6 29. Bg5 Nxg5 30. Ra2 Nh3+ 31. Kf1 Qh1# 0-1

[Event "*** SCC Grand Prix: Titled Tuesday Blitz"]
[Site "Chess.com"]
[Date "2020.08.25"]
[Round "1"]
[White "Ariadna_Atreides"]
[Black "GianmarcoVaR"]
[Result "0-1"]
[WhiteElo "2046"]
[BlackElo "2480"]
[TimeControl "180+1"]
[EndTime "10:05:29 PDT"]
[Termination "GianmarcoVaR won by resignation"]

1. d4 Nf6 2. Nf3 e6 3. e3 b6 4. Bd3 Bb7 5. O-O c5 6. b3 Nc6 7.
Bb2 d5 8. Nbd2 Bd6 9. dxc5 bxc5 10. e4 Be7 11. exd5 exd5 12. Ne5 O-O 13. Nxc6 Bxc6 14. Re1 Bd6 15. Nf3 d4 16. Ng5 Qc7 17. h3 Rfe8 18.
b4 h6 19. Rxe8+ Rxe8 20. Nf3 c4 21. Bxc4 Bxf3 22. Qxd4 Bh2+ 23. Kh1 Be5 24. Qd2 Bxb2 0-1

[Event "*** SCC Grand Prix: Titled Tuesday Blitz"]
[Site "Chess.com"]
[Date "2020.08.25"]
[Round "1"]
[White "ftorodent"]
[Black "ClydeHillKid"]
[Result "1-0"]
[WhiteElo "2695"]
[BlackElo "2361"]
[TimeControl "180+1"]
[EndTime "10:05:30 PDT"]
[Termination "ftorodent won by checkmate"]

1. d4 d5 2. c4 e6 3. Nf3 Nf6 4. Nc3 c6 5. e3 Nbd7 6. Qc2 Bd6 7. b3 O-O 8. Be2 e5 9. cxd5 Nxd5 10.
Nxd5 cxd5 11. dxe5 Nxe5 12. Nd4 Bg4 13. O-O Rc8 14. Qd1 Bxe2 15. Qxe2 Re8 16. Bb2 Qg5 17. f4 Qh6 18. Nf5 Qg6 19. Nxd6 Rc2 20. f5 Qh6 21. Qxc2 Ng4 22. h3 Nxe3 23. Qd2 Rd8 24.
Rae1 Nxf1 25. Qxh6 gxh6 26. Kxf1 Rxd6 27. Re8# 1-0

[Event "*** SCC Grand Prix: Titled Tuesday Blitz"]
[Site "Chess.com"]
[Date "2020.08.25"]
[Round "1"]
[White "anon569"]
[Black "Shota_Azaladze"]
[Result "0-1"]
[WhiteElo "2328"]
[BlackElo "2665"]
[TimeControl "180+1"]
[EndTime "10:05:30 PDT"]
[Termination "Shota_Azaladze won by checkmate"]

1. e4 g6 2. d4 Bg7 3. Nc3 c6 4. Nf3 d6 5. Bf4 Qb6 6. a3 Nd7 7. Bc4 e5 8. dxe5 dxe5 9. Be3 Qc7 10. Qd2 h6 11. O-O-O Ngf6 12. h4 Nb6 13. Ba2 Bg4 14. Bc5 Bf8 15. Bxf8 Kxf8 16. Qe3 Kg7 17. Rd2 Rad8 18.
Rhd1 Rxd2 19. Rxd2 Qe7 20. Ne2 Be6 21. Bxe6 Qxe6 22.
Qc3 Ng4 23. Ng3 Re8 24. h5 Qa2 25. Kd1 Nc4 26. Kc1 Qa1# 0-1

[Event "*** SCC Grand Prix: Titled Tuesday Blitz"]
[Site "Chess.com"]
[Date "2020.08.25"]
[Round "1"]
[White "GameOverBro"]
[Black "tigra"]
[Result "0-1"]
[WhiteElo "2435"]
[BlackElo "2901"]
[TimeControl "180+1"]
[EndTime "10:05:31 PDT"]
[Termination "tigra won by resignation"]

1. e4 c5 2. Ne2 Nf6 3. Nbc3 e5 4. Ng3 Nc6 5. Bc4 g6 6. d3 Bg7 7. O-O O-O 8. f4 exf4 9. Bxf4 d6 10. Qd2 Ng4 11.
Nd5 Qh4 12. h3 Bd4+ 13. Kh1 g5 14. c3 gxf4 15. cxd4 fxg3 16. Rf4 Kh8 17. Kg1 Qh6 18. Re1 cxd4 19. hxg4 Bxg4 0-1

[Event "*** SCC Grand Prix: Titled Tuesday Blitz"]
[Site "Chess.com"]
[Date "2020.08.25"]
[Round "1"]
[White "Arjun2002"]
[Black "Schachmalanders"]
[Result "1-0"]
[WhiteElo "2684"]
[BlackElo "2353"]
[TimeControl "180+1"]
[EndTime "10:05:31 PDT"]
[Termination "Arjun2002 won by checkmate"]

1. d4 d5 2. c4 e6 3. Nc3 c6 4.
e3 f5 5. Bd3 Nf6 6. Nge2 Bd6 7.
f3 O-O 8. Qc2 Qe8 9. Bd2 b6 10.
O-O-O Bb7 11. e4 fxe4 12. fxe4 e5 13. Rhe1 Nbd7 14. Ng3 Rc8 15. Kb1 exd4 16. exd5 Qf7 17. Nce4 Bxg3 18. hxg3 Nxe4 19. Bxe4 Nf6 20. Bf5 Rce8 21.
Be6 Rxe6 22. dxe6 Qc7 23. Bg5 c5 24. e7 Re8 25. Bxf6 gxf6 26. Qf5 Rxe7 27. Qxf6 Be4+ 28. Ka1 Rf7 29. Qg5+ Bg6 30. Re8+ Kg7 31. Rh1 h5 32. g4 Qd7 33. Qe5+ Rf6 34. g5 Qxe8 35. gxf6+ Kf7 36. Qc7+ Kxf6 37. Rf1+ Kg5 38. Qf4# 1-0